 Dungeon Crawl Stone Soup version 0.29.1-12-g30fa7ad0bf (webtiles) character file.

Game seed: 5513753656537390046

114 wormed the Shooter (level 4, -3/23 HPs)
             Began as a Spriggan Hunter on Dec 28, 2022.
             Constricted to death by Natasha (7 damage)
             ... on level 2 of the Dungeon.
             The game lasted 00:03:25 (1677 turns).

wormed the Shooter (Spriggan Hunter)                Turns: 1677, Time: 00:03:26

Health: -3/23      AC:  2    Str:  7    XL:     4   Next: 66%
Magic:  5/5        EV: 16    Int: 10    God:
Gold:   137        SH:  0    Dex: 20    Spells: 3/3 levels left

rFire   . . .      SeeInvis +   a - +0 shortbow
rCold   . . .      Faith    .   (shield currently unavailable)
rNeg    . . .      Spirit   .   c - +0 robe
rPois   .          Reflect  .   (helmet restricted)
rElec   .          Harm     .   (no cloak)
rCorr   .          Rampage  .   (gloves unavailable)
Will    .....                   (boots unavailable)
Stlth   +++.......              (no amulet)
HPRegen 0.07/turn               (no ring)
MPRegen 0.09/turn               (no ring)

@: grasped by roots, constricted, very quick
A: very small, no large weapons, unfitting armour, see invisible, speed 3
a: no special abilities


You were on level 2 of the Dungeon.
You visited 1 branch of the dungeon, and saw 3 of its levels.

You collected 137 gold pieces.

Inventory:

Hand Weapons
 a - a +0 shortbow (weapon)
Armour
 c - a +0 robe (worn)
Scrolls
 b - a scroll of immolation
 d - a scroll of magic mapping {unknown}
 f - a scroll of identify {unknown}
 g - a scroll of butterflies {unknown}
 i - 2 scrolls of teleportation {unknown}
 k - a scroll of poison {unknown}
Potions
 e - a potion of brilliance {unknown}
 h - a potion of invisibility {unknown}
 j - a potion of cancellation {unknown}
 l - a potion of curing {unknown}


   Skills:
 + Level 2.2 Fighting
 * Level 4.9 Ranged Weapons
 + Level 3.7 Dodging
 + Level 3.5 Stealth


You had 3 spell levels left.
You didn't know any spells.
Your spell library was empty.

Dungeon Overview and Level Annotations

Branches:
Dungeon (3/15)

Altars:
Dithmenos

Shops:
D:2 :

Annotations:
D:2 Natasha


Innate Abilities, Weirdness & Mutations

You are very small and have problems with some larger weapons.
You are too small for most types of armour.
You have supernaturally acute eyesight. (SInv)
You cover ground extremely quickly. (Speed+++)


Message History

The white imp gestures at you. The puff of frost misses you.
You shoot an arrow. The arrow hits the white imp.
The white imp is heavily wounded.
Natasha mumbles some strange words.
You shoot an arrow. The arrow hits the white imp.
The white imp is severely wounded.
The white imp gestures at you. The puff of frost hits you!
The white imp picks up a beetle and eats it.
The white imp gestures at you. The puff of frost hits you!
Ouch! That really hurt!
* * * LOW HITPOINT WARNING * * *
You see here a jackal corpse.
There is a stone staircase leading up here.
You climb upwards.
There is a stone staircase leading down here.
You start resting.
You start resting.
HP restored.
There is a stone staircase leading down here.
You climb downwards.
Level annotation: Natasha
There is a stone staircase leading up here.
Natasha closely misses you. The endoplasm freezes you.
You are frozen.
You climb upwards.
There is a stone staircase leading down here.
You shoot an arrow. The arrow hits Natasha.
Natasha is moderately wounded.
Natasha claws you! The endoplasm freezes you.
You are frozen.
Natasha claws you.
* * * LOW HITPOINT WARNING * * *
Natasha zaps a wand.
The roots erupt in riotous growth!
The grasping roots grab you! The grasping roots constrict you!
You die...

# #..................###.# #
#..................###.# #
##..................##..#### ###
##......###.................. ..#
#.......# #.............#.###
..###.......###....h.....####.#
...#.............J>...#### #.#
...#..###..###........# #.#
......# #..###..@.....#######.##
......###...##.................##
.......##.............##.........
.......#..#..#........##.####..##
.......#..##.#........#..# ##.#
..........##............## #.##
..##..................### ##..#
#.#..##.............>.# #...#
.....##.............### #.#.#


You could see Natasha and an endoplasm.

Vanquished Creatures
  A jelly (D:3)
  2 adders (D:2)
  A worm (D:2)
  A dart slug (D:2)
  An orc (D:3)
  3 ball pythons
  8 endoplasms
  A giant cockroach (D:2)
  9 goblins
  5 hobgoblins
  4 jackals (D:3)
  3 quokkas (D:2)
  3 frilled lizards
  3 kobolds (D:1)
  5 rats
50 creatures vanquished.

Notes
Turn   | Place    | Note
-------+----------+-------------------------------------------
     0 | D:1      | wormed the Spriggan Hunter began the quest for the Orb.
     0 | D:1      | Reached XP level 1. HP: 10/10 MP: 2/2
   121 | D:1      | Found a faded altar of an unknown god.
   157 | D:1      | Reached XP level 2. HP: 15/15 MP: 3/3
   733 | D:2      | Reached XP level 3. HP: 13/18 MP: 4/4
  1115 | D:2      | Found Motais's Book Emporium.
  1131 | D:2      | Reached XP level 4. HP: 22/23 MP: 5/5
  1260 | D:3      | Found a shadowy altar of Dithmenos.
  1346 | D:3      | Noticed Natasha
  1677 | D:2      | Constricted to death by Natasha

Illustrated notes

Levels and vault maps discovered:
D:1:      dpeg_arrival_refuge, layout_basic, dreamdust_ecumenical_altar_statues
D:2:      layout_rooms, serial_shops, nicolae_shop_crystal
D:3:      layout_basic, overflow_temple_1_default, serial_shops,
          nicolae_shop_waterfront, hangedman_decor_diamond_cutter,
          minmay_surrounded, uniq_terence, uniq_crazy_yiuf_cottage, uniq_natasha

Skill      XL: |  1  2  3 |
---------------+----------+-----
Stealth        | 2 3 |  3.5
Dodging        | 3 |  3.7
Fighting       | 2 |  2.2
Ranged Weapons | |  4.9

Action                   |  1- 3 |  4- 6 || total
-------------------------+-------+-------++-------
 Fire: Shortbow          |   131 |    35 ||   166
Armor: Robe              |     4 |       ||     4
Dodge: Dodged            |    71 |     5 ||    76
